 Dungeon Crawl Stone Soup version 0.26-a0-543-ge420d365 (webtiles) character file.

Game seed: 15902882974761676749

34 B1Gdaddy5 the Shield-Bearer (level 3, 0/36 HPs)
             Began as a Troll Fighter on Aug 19, 2020.
             Slain by a gnoll
             ... wielding a cursed -2 halberd
              (5 damage)
             ... on level 2 of the Dungeon.
             The game lasted 00:15:07 (1418 turns).

B1Gdaddy5 the Shield-Bearer (Troll Fighter)         Turns: 1418, Time: 00:15:08

Health: 0/36       AC:  6    Str: 24    XL:     3   Next: 14%
Magic:  2/2        EV:  8    Int:  4    God:
Gold:   37         SH:  9    Dex: 10    Spells: 2/2 levels left

rFire    . . .     SeeInvis .     - Unarmed
rCold    . . .     Faith    .   b - +0 kite shield
rNeg     . . .     Spirit   .   a - +0 robe
rPois    .         Reflect  .   (helmet restricted)
rElec    .         Harm     .   (no cloak)
rCorr    .                      (gloves unavailable)
MR       .....                  (boots unavailable)
Stlth    +.........             (no amulet)
HPRegen  0.52/turn              (no ring)
MPRegen  0.08/turn              (no ring)

@: lethally poisoned (0 -> 0)
A: large, unfitting armour, claws 3, regeneration 1, shaggy fur 1, tough skin 3
a: no special abilities


You were on level 2 of the Dungeon.
You visited 1 branch of the dungeon, and saw 2 of its levels.

You collected 37 gold pieces.

Inventory:

Missiles
 k - 16 poisoned darts (quivered)
Armour
 a - a +0 robe (worn)
 b - a +0 kite shield (worn)
 m - a +0 robe
Scrolls
 f - a scroll of remove curse {unknown}
 j - a scroll of blinking {unknown}
Potions
 c - a potion of might
 d - a potion of lignification
 e - a potion of curing
 g - a potion of resistance {unknown}
 h - a potion of invisibility {unknown}
 i - 2 potions of stabbing {unknown}
 l - a potion of degeneration {unknown}


   Skills:
 + Level 2.7 Fighting
 + Level 2.7 Dodging
 + Level 2.7 Shields
 + Level 2.4 Unarmed Combat


You had 2 spell levels left.
You didn't know any spells.
Your spell library was empty.

Dungeon Overview and Level Annotations

Branches:
Dungeon (2/15)

Altars:


Innate Abilities, Weirdness & Mutations

You are too large for most types of armour.
You have claws for hands.
Your natural rate of healing is unusually fast.
You are covered in fur. (AC +1)
You have extremely tough skin. (AC +3)


Message History

You kill the adder!
You have reached level 3!
Your experience leads to an increase in your attributes!
Increase (S)trength, (I)ntelligence, or (D)exterity?
Uppercase letters only, please.
You feel agile.
You feel stronger. You block the gnoll's attack.
The gnoll hits you from afar with a +0 halberd!
You feel sick. The gnoll barely misses you. You block the gnoll's attack.
A gnoll comes into view. It is wielding a +0 flail.
You see here an adder corpse.
The gnoll shouts!
You claw the gnoll!
The gnoll is severely wounded.
The gnoll hits you with a cursed -2 halberd!
* * * LOW HITPOINT WARNING * * *
The gnoll hits you with a +0 halberd.
* * * LOW HITPOINT WARNING * * *
The gnoll hits you from afar with a cursed -2 halberd.
You die...

.. . .#.
##.#.
#.g. #
#..###.#
#gr....##
#gg......
#†###
#@.<#
##.##
...#
#####


You could see 4 gnolls and a rat.

Vanquished Creatures
  An adder (D:2)
  An ooze (D:1)
  3 bats (D:1)
  3 giant cockroaches (D:1)
  2 goblins (D:1)
  2 hobgoblins (D:1)
  5 kobolds (D:1)
  2 rats (D:1)
19 creatures vanquished.

Notes
Turn   | Place    | Note
-------+----------+-------------------------------------------
     0 | D:1      | B1Gdaddy5 the Troll Fighter began the quest for the Orb.
     0 | D:1      | Reached XP level 1. HP: 22/22 MP: 0/0
   249 | D:1      | Reached XP level 2. HP: 28/29 MP: 1/1
  1415 | D:2      | Reached XP level 3. HP: 28/36 MP: 2/2
  1418 | D:2      | Slain by a gnoll

Illustrated notes

Levels and vault maps discovered:
D:1:      tarquinn_simple_flora_water_d, layout_basic
D:2:      layout_basic

Action                   || total
-------------------------++-------
Melee: Unarmed           ||    45
Throw: Dart              ||     5
  Use: Scroll            ||     2
Armor: Robe              ||    16
Dodge: Dodged            ||    11
Block: Kite shield       ||    28

Table legend: (Time is in decaauts)
 A = Elapsed time spent in this place.
 B = Non-inter-level travel time spent in this place.
 C = Inter-level travel time spent in this place.
 D = Time resting spent in this place.
 E = Time spent auto-exploring this place.
 F = Levels seen in this place.
 G = Mean time per level.
                   A        B        C        D        E       F      G
               +--------+--------+--------+--------+--------+-----+--------+
         Total |   1420 |   1321 |     99 |      0 |    194 |   2 |  710.0 |
       Dungeon |   1420 |   1321 |     99 |      0 |    194 |   2 |  710.0 |
               +--------+--------+--------+--------+--------+-----+--------+

Top non-repeatable levels by time:
     D:1: 1411 daAuts
     D:2: 9 daAuts
